 Dungeon Crawl Stone Soup version 0.24.0-13-gcf9b3192b9 (webtiles) character file.

Game seed: 15127421723286449555, levelgen mode: deterministic

151 plexdo the Insei (level 5, -7/38 HPs)
             Began as a Demonspawn Transmuter on Nov 2, 2019.
             Killed from afar by Ijyb (9 damage)
             ... with a bolt of acid
             ... on level 3 of the Dungeon on Nov 10, 2019.
             The game lasted 00:12:45 (2171 turns).

plexdo the Insei (Demonspawn Transmuter)            Turns: 2171, Time: 00:12:47

Health: -7/38      AC:  5    Str: 11    XL:     5   Next: 11%
Magic:  6/8        EV: 12    Int: 14    God:
Gold:   114        SH:  0    Dex: 14    Spells: 3/9 levels left

rFire    . . .     SeeInvis .     - Unarmed
rCold    . . .     Gourm    .   (no shield)
rNeg     . . .     Faith    .   b - +0 robe
rPois    .         Spirit   .   (no helmet)
rElec    .         Reflect  .   q - +0 cloak
rCorr    .         Harm     .   (no gloves)
MR       .....                  (no boots)
Stlth    +.........             (no amulet)
HPRegen  0.12/turn              n - ring of attention (curse)
MPRegen  0.11/turn              (no ring)

@: appendage (expiring)
A: horns 2, thin metallic scales 1, demonic guardian 2
a: End Transformation


You were on level 3 of the Dungeon.
You were hungry.
You had grown temporary horns.
You visited 1 branch of the dungeon, and saw 3 of its levels.

You collected 114 gold pieces.

Inventory:

Missiles
 a - 25 arrows
Armour
 b - a +0 robe (worn)
 l - a scarf of cloud immunity
 q - a +0 cloak (worn)
Jewellery
 g - an uncursed ring of fire
 n - a cursed ring of attention (left hand)
Wands
 s - a wand of polymorph (12)
Scrolls
 c - a scroll of fog {unknown}
 e - a scroll of remove curse {unknown}
 h - a scroll of fear
 i - a scroll of random uselessness {unknown}
 m - 2 scrolls of teleportation {unknown}
 o - a scroll of identify {unknown}
 r - a scroll of blinking {unknown}
Potions
 f - a potion of heal wounds {unknown}
 j - a potion of agility {unknown}
 k - a potion of mutation {unknown}
 p - a potion of berserk rage {unknown}
Comestibles
 d - 6 rations


   Skills:
 * Level 1.9 Fighting
 * Level 2.2 Dodging
 + Level 0.9 Stealth
 * Level 3.9 Unarmed Combat
 + Level 2.5 Spellcasting
 * Level 2.4 Transmutations
 * Level 0.2 Poison Magic


You had 3 spell levels left.
You knew the following spells:

 Your Spells              Type           Power        Failure   Level  Hunger
a - Beastly Appendage     Tmut           #.....       9%          1    #......
b - Sticks to Snakes      Tmut           #.......     12%         2    ###....
c - Spider Form           Tmut/Pois      #.........   36%         3    ###....

Your spell library contained the following spells:

 Spells                   Type           Power        Failure   Level  Hunger
 Ice Form                 Ice/Tmut       #.......     80%         4    #####..
 Blade Hands              Tmut           #.........   92%         5    ######.


Dungeon Overview and Level Annotations

Branches:
Dungeon (3/15)

Altars:
Dithmenos
Makhleb
Vehumet

Annotations:
D:3 Ijyb


Innate Abilities, Weirdness & Mutations

You are partially covered in thin metallic scales. (AC +2)
A demonic guardian rushes to your aid.
You have a pair of horns on your head.


Message History

Your adder misses Ijyb. Ijyb barely misses your adder.
Your adder closely misses Ijyb.
Your adder barely misses Ijyb.
Ijyb hits your adder.
Ijyb is nearby!
Ijyb is nearby!
Ijyb is nearby!
Ijyb is nearby!
Your adder barely misses Ijyb.
Ijyb misses your adder.
Your adder closely misses Ijyb.
Ijyb hits your adder.
Your adder closely misses Ijyb.
Your adder bites Ijyb.
Ijyb is poisoned.
Your adder poisons Ijyb!
Ijyb misses your adder.
Your adder bites Ijyb but does no damage.
Ijyb barely misses your adder.
Your transformation is almost over.
Your adder bites Ijyb but does no damage.
Ijyb zaps a wand.
The bolt of acid hits your adder!
Your adder is splashed with acid!
The acid corrodes your adder!
Your adder dies!
The bolt of acid hits you!
You die...

...................
##.#..........#.....
##.#.......##....... #
................... ..
................... ...
##.#.#.##.###.#.####....
#.#...##.###.........
#.###.............# #.#
#######..#.@#. ..# #
#.......# # #.#
#..(#..#..#.##... #.#
#.............<#
#...#.###g...### #...#.#
#........ #.. ...
.....#### ## ##.# #....#
#. #....#


You could see Ijyb.

Vanquished Creatures
  2 adders
  A worm (D:2)
  A dart slug (D:1)
  A leopard gecko (D:1)
  4 goblins
  5 hobgoblins
  A quokka (D:2)
  A ball python (D:2)
  3 bats
  A frilled lizard (D:1)
  4 kobolds (D:2)
  3 rats (D:1)
27 creatures vanquished.

Vanquished Creatures (collateral kills)
  Sigmund (D:2)
  A worker ant (D:2)
  A worm (D:2)
3 creatures vanquished.

Grand Total: 30 creatures vanquished

Notes
Turn   | Place    | Note
-------+----------+-------------------------------------------
     0 | D:1      | plexdo the Demonspawn Transmuter began the quest for the
                  | Orb.
     0 | D:1      | Reached XP level 1. HP: 15/15 MP: 3/3
   195 | D:1      | Reached skill level 3 in Unarmed Combat
   229 | D:1      | Gained mutation: A weak demonic guardian rushes to your
                  | aid. [demonic ancestry]
   229 | D:1      | Reached XP level 2. HP: 13/21 MP: 3/5
   755 | D:2      | Learned a level 2 spell: Sticks to Snakes
   810 | D:2      | Reached XP level 3. HP: 20/26 MP: 1/6
   831 | D:2      | Found a shadowy altar of Dithmenos.
   907 | D:2      | Noticed Sigmund
   918 | D:2      | Killed Sigmund
   918 | D:2      | Gained mutation: A demonic guardian rushes to your aid.
                  | [demonic ancestry]
   918 | D:2      | Reached XP level 4. HP: 27/33 MP: 5/7
   969 | D:2      | Learned a level 3 spell: Spider Form
  1038 | D:2      | Upgraded the game from 0.24.0-7-gb3623d2c88 to
                  | 0.24.0-13-gcf9b3192b9
  1444 | D:2      | Gained mutation: You are partially covered in thin metallic
                  | scales. (AC +2) [demonic ancestry]
  1444 | D:2      | Reached XP level 5. HP: 12/38 MP: 6/8
  1834 | D:2      | Found a radiant altar of Vehumet.
  1835 | D:2      | Found a burning altar of Makhleb.
  2157 | D:3      | Noticed Ijyb
  2162 | D:3      | HP: 1/38 [acid (15)]
  2171 | D:3      | Killed from afar by Ijyb

Levels and vault maps discovered:
D:1:      dpeg_arrival_tiny_e, layout_basic, serial_glass, glass_columns_c,
          glass_columns_b, minivault_23, lemuel_old_faithful
D:2:      layout_loops_corners, minitemple, first_ration,
          nicolae_dithmenos_shadow_blocks, uniq_sigmund
D:3:      kennysheep_goblin_castle, layout_basic, hangedman_ru_absence,
          evilmike_ruin_ashenzari, uniq_ijyb

Skill      XL: |  1  2  3 |
---------------+----------+-----
Unarmed Combat | 3 |  3.9
Transmutations | 2 |  2.4
Dodging        | 2 |  2.2
Fighting       | |  1.9
Stealth        | |  0.9
Spellcasting   | |  2.5
Poison Magic   | |  0.2

Action                   |  1- 3 |  4- 6 || total
-------------------------+-------+-------++-------
Melee: Unarmed           |    35 |    53 ||    88
       Headbutt          |     3 |     3 ||     6
       Kick              |     4 |     5 ||     9
       Punch             |     1 |     1 ||     2
 Cast: Beastly Appendage |    10 |    11 ||    21
       Sticks to Snakes  |     2 |     3 ||     5
       Spider Form       |       |     2 ||     2
  Use: Scroll            |       |     1 ||     1
 Stab: Sleeping          |     2 |       ||     2
  Eat: Chunk             |       |     4 ||     4
Armor: Robe              |     7 |     4 ||    11
       Skin              |       |     1 ||     1
Dodge: Dodged            |    17 |    29 ||    46
